 Dungeon Crawl Stone Soup version 0.30-a0-219-gf2db51d15e (webtiles) character file.

Game seed: 10820513563535543236

907 lunkers the Cleaver (level 8, -5/63 HPs)
             Began as a Meteoran Berserker on Oct 6, 2022.
             Was a Believer of Trog.
             Slain by a hornet zombie (8 damage)
             ... on level 5 of the Dungeon.
             The game lasted 00:06:19 (1352 turns).

lunkers the Cleaver (Meteoran Berserker)            Turns: 1352, Time: 00:06:20

Health: -5/63      AC:  9    Str: 21    XL:     8   Next: 55%
Magic:  9/9        EV:  8    Int:  9    God:    Trog [**....]
Gold:   116        SH:  0    Dex: 13    Spells: 7/7 levels left

rFire   . . .      SeeInvis .    a - +0 hand axe
rCold   . . .      Faith    .    (no shield)
rNeg    . . .      Spirit   .    r - +0 chain mail
rPois   .          Reflect  .    (no helmet)
rElec   .          Harm     .    t - +0 cloak
rCorr   .          Rampage  .    (no gloves)
Will    +++..                    (no boots)
Stlth   ..........               (no amulet)
HPRegen 1.30/turn                (no ring)
MPRegen 0.11/turn                (no ring)

@: strong-willed, on berserk cooldown, regenerating, slowed, glowing, very slow
A: sense surroundings 1, otherworldly, glowing, explore regen
a: Renounce Religion, Berserk, Trog's Hand


You were on level 5 of the Dungeon.
You worshipped Trog.
Trog was pleased with you.
You visited 1 branch of the dungeon, and saw 6 of its levels.

You collected 200 gold pieces.
You spent 84 gold pieces at shops.

Inventory:

Hand Weapons
 a - a +0 hand axe (weapon)
 v - a +2 dire flail of holy wrath
Missiles
 c - 20 stones
 d - 2 boomerangs
 f - 7 poisoned darts
 s - 2 silver javelins
Armour
 r - a +0 chain mail (worn)
 t - a +0 cloak (worn)
Wands
 j - a wand of paralysis (17)
Scrolls
 b - a scroll of torment {unknown}
 e - 2 scrolls of amnesia {unknown}
 g - 3 scrolls of teleportation {unknown}
 h - a scroll of blinking {unknown}
 i - 2 scrolls of identify {unknown}
 k - a scroll of fog {unknown}
 m - 2 scrolls of noise {unknown}
 u - a scroll of immolation {unknown}
Potions
 l - 2 potions of attraction {unknown}
 n - 2 potions of flight {unknown}
 p - 2 potions of might
 q - a potion of heal wounds {unknown}


   Skills:
 - Level 3.2 Fighting
 * Level 11.2 Axes
 - Level 2.4 Armour
 - Level 2.4 Dodging


You had 7 spell levels left.
You didn't know any spells.
Your spell library was empty.

Dungeon Overview and Level Annotations

Branches:
Dungeon (6/15) Zot: 2217   Temple (0/1) D:4

Altars:
Nemelex Xobeh

Shops:
D:3 :!*   D:4 [*!


Innate Abilities, Weirdness & Mutations

You passively map a small area around you.
You are easily found by Zot.
You glow in the dark.
You regain HP and MP as you explore.


Message History

The scorpion zombie is heavily damaged.
You hit the hornet zombie but do no damage.
The hornet zombie closely misses you.
The hornet zombie hits you but does no damage.
The scorpion zombie hits you.
* * * LOW HITPOINT WARNING * * *
Unknown command.
You hit the hornet zombie.
The hornet zombie is moderately damaged.
You barely miss the scorpion zombie.
The hornet zombie hits you but does no damage.
The scorpion zombie hits you but does no damage.
You hit the scorpion zombie.
The scorpion zombie is heavily damaged.
You hit the hornet zombie but do no damage.
The hornet zombie hits you!
* * * LOW HITPOINT WARNING * * *
The scorpion zombie hits you.
* * * LOW HITPOINT WARNING * * *
The hornet zombie hits you!
* * * LOW HITPOINT WARNING * * *
You feel better. The hornet zombie barely misses you.
The scorpion zombie hits you but does no damage.
The hornet zombie hits you.
* * * LOW HITPOINT WARNING * * *
The scorpion zombie closely misses you.
You barely miss the hornet zombie.
The hornet zombie is moderately damaged.
You hit the scorpion zombie.
The hornet zombie hits you but does no damage.
The scorpion zombie hits you but does no damage.
Unknown command.
Unknown command.
You barely miss the hornet zombie.
The hornet zombie is moderately damaged.
You hit the scorpion zombie. The hornet zombie closely misses you.
The scorpion zombie hits you.
* * * LOW HITPOINT WARNING * * *
The hornet zombie hits you!
You die...

.###......... ....# ,
...#...#..... ....# ,
..........8.##....
.......#P.P...#..# , ,
........8..8..#..### ,,,
#..................# , *
,* #.....##..........# ,
* ......# #....>....#,,,
* ......###....##.@Z#,,,
, ,
.†...............Z....8.
...##.##...8.....)#.....
*
....#.##...8P..##..#....
* .......##...... *..#
... ..#............,,§§§
.. ..#..........#., #§§§
,. .......##.... .P§P,
....#...# . ,


You could see a hornet zombie and a scorpion zombie.

Vanquished Creatures
  The ghost of Darkkill the Shooter, an amateur HuHu (D:4)
  Edmund (D:6)
  3 phantoms
  2 bullfrog zombies (D:4)
  4 hounds
  A centaur skeleton (D:4)
  Ijyb (D:5)
  An iguana (D:4)
  A scorpion zombie (D:5)
  A hound zombie (D:5)
  2 hound skeletons (D:5)
  6 adders
  A howler monkey skeleton (D:5)
  An ufetubus (D:5)
  A worm (D:2)
  3 dart slugs
  2 ball pythons
  5 endoplasms
  3 giant cockroaches
  3 goblins
  2 hobgoblins (D:4)
  2 jackals (D:3)
  6 kobolds
  A quokka (D:4)
  A bat (D:1)
  2 frilled lizards (D:1)
  2 rats
59 creatures vanquished.

Vanquished Creatures (others)
  3 plants (D:4)
3 creatures vanquished.

Grand Total: 62 creatures vanquished

Notes
Turn   | Place    | Note
-------+----------+-------------------------------------------
     0 | D:1      | lunkers the Meteoran Berserker began the quest for the Orb.
     0 | D:1      | Reached XP level 1. HP: 19/19 MP: 2/2
    98 | D:1      | Reached skill level 4 in Axes
    98 | D:1      | Reached XP level 2. HP: 25/26 MP: 3/3
   300 | D:2      | Found a sparkling altar of Nemelex Xobeh.
   318 | D:2      | Reached XP level 3. HP: 14/31 MP: 4/4
   355 | D:2      | Reached skill level 5 in Axes
   505 | D:3      | Found Faklin's Book Emporium.
   553 | D:3      | Found Miaboas's Distillery.
   558 | D:3      | Bought a potion of curing for 36 gold pieces
   558 | D:3      | Bought a potion of might for 48 gold pieces
   603 | D:3      | Reached XP level 4. HP: 36/38 MP: 5/5
   632 | D:3      | Found Poefrey's General Store.
   727 | D:4      | Found Sobloh's Distillery.
   780 | D:4      | Reached skill level 6 in Axes
   780 | D:4      | Reached XP level 5. HP: 17/45 MP: 6/6
   872 | D:4      | Reached ** piety under Trog
   895 | D:4      | Found a staircase to the Ecumenical Temple.
   937 | D:5      | Entered Level 5 of the Dungeon
   953 | D:5      | Reached skill level 7 in Axes
   978 | D:4      | Reached XP level 6. HP: 38/51 MP: 7/7
   983 | D:4      | Found Imumasubb's Antique Armour Boutique.
   984 | D:4      | Found a runed translucent gate.
   984 | D:4      | Found a runed translucent gate.
   984 | D:4      | Found a runed translucent gate.
  1005 | D:4      | Reached skill level 8 in Axes
  1029 | D:4      | Noticed Darkkill's ghost (amateur HuHu)
  1041 | D:4      | Reached XP level 7. HP: 57/57 MP: 8/8
  1045 | D:4      | Killed Darkkill's ghost
  1046 | D:4      | Reached skill level 9 in Axes
  1112 | D:5      | Noticed Ijyb
  1118 | D:5      | Killed Ijyb
  1177 | D:5      | Reached skill level 10 in Axes
  1177 | D:5      | Reached XP level 8. HP: 41/63 MP: 9/9
  1237 | D:4      | Found Kiladd's General Store.
  1313 | D:6      | Noticed Edmund
  1325 | D:6      | Killed Edmund
  1326 | D:6      | Reached skill level 11 in Axes
  1349 | D:5      | HP: 1/63 [hornet zombie (7)]
  1352 | D:5      | Slain by a hornet zombie

Illustrated notes

Levels and vault maps discovered:
D:1:      lemuel_arrival_hallway, layout_loops_cross
D:2:      layout_rooms, basic_altar, chequers_ecumenical_altar_simple
D:3:      layout_basic, serial_shops, shop, nicolae_diamond_shop,
          shop_fountains, nicolae_shop_waterfront, nicolae_shop_crystal,
          uniq_pargi
D:4:      layout_basic, jmf_multi_god_temple2,
          minmay_temple_entry_drinking_statues, gammafunk_ghost_necromancy,
          serial_shops, nicolae_shop_hallway_plus, nicolae_diamond_shop,
          nicolae_shop_overgrown_old_shop, nicolae_shop_stone,
          reono_crystal_passage
D:5:      layout_cave_pools, kennysheep_mini_moat, serial_undead,
          serial_undead_b, serial_undead_e, serial_undead_a, serial_undead_a,
          serial_undead_e, serial_undead_d, serial_undead_d, serial_undead_b,
          serial_undead_c, serial_undead_b, uniq_ijyb
D:6:      layout_loops_corners, uniq_edmund

Skill      XL: |  1  2  3  4  5  6  7  8 |
---------------+-------------------------+-----
Axes           | 4 5 6 7 8 10 11 | 11.2
Fighting       | |  3.2
Armour         | |  2.4
Dodging        | |  2.4

Action                   |  1- 3 |  4- 6 |  7- 9 || total
-------------------------+-------+-------+-------++-------
Melee: Hand axe          |    62 |   115 |    85 ||   262
       Punch             |     2 |     2 |     1 ||     5
Invok: Berserk           |     1 |     1 |     3 ||     5
       Trog's Hand       |       |     1 |     1 ||     2
  Use: Scroll            |     1 |       |       ||     1
       Potion            |       |       |     1 ||     1
Armor: Animal skin       |     1 |       |       ||     1
       Ring mail         |    26 |     2 |       ||    28
       Chain mail        |       |    88 |    59 ||   147
Dodge: Dodged            |    26 |    47 |    30 ||   103

Table legend: (Time is in decaauts)
 A = Elapsed time spent in this place.
 B = Non-inter-level travel time spent in this place.
 C = Inter-level travel time spent in this place.
 D = Time resting spent in this place.
 E = Time spent auto-exploring this place.
 F = Levels seen in this place.
 G = Mean time per level.
                   A        B        C        D        E       F      G
               +--------+--------+--------+--------+--------+-----+--------+
         Total |   1381 |   1295 |     86 |      0 |    525 |   6 |  230.2 |
       Dungeon |   1381 |   1295 |     86 |      0 |    525 |   6 |  230.2 |
               +--------+--------+--------+--------+--------+-----+--------+

Top non-repeatable levels by time:
     D:4: 330 daAuts
     D:1: 305 daAuts
     D:5: 288 daAuts
     D:3: 226 daAuts
     D:2: 212 daAuts
     D:6: 18 daAuts
